 Dungeon Crawl Stone Soup version 0.29.1-15-g9cfb28693d (webtiles) character file.

Game seed: 6561613963356511090

51 JeLyseng the Covered (level 3, 0/33 HPs)
             Began as a Minotaur Fighter on Mar 24, 2023.
             Killed from afar by an orc wizard (7 damage)
             ... with a puff of flame
             ... on level 3 of the Dungeon.
             The game lasted 00:25:12 (2159 turns).

JeLyseng the Covered (Minotaur Fighter)             Turns: 2159, Time: 00:25:13

Health: 0/33       AC:  7    Str: 22    XL:     3   Next: 57%
Magic:  2/2        EV:  9    Int:  5    God:
Gold:   95         SH:  9    Dex:  9    Spells: 2/2 levels left

rFire   . . .      SeeInvis .   a - +0 war axe
rCold   . . .      Faith    .   c - +0 buckler
rNeg    . . .      Spirit   .   b - +0 scale mail
rPois   .          Reflect  +   (helmet restricted)
rElec   .          Harm     .   (no cloak)
rCorr   .          Rampage  .   (no gloves)
Will    .....                   (no boots)
Stlth   ..........              f - amulet of reflection
HPRegen 0.11/turn               (no ring)
MPRegen 0.08/turn               (no ring)

@: no status effects
A: horns 2, retaliatory headbutt
a: no special abilities


You were on level 3 of the Dungeon.
You visited 1 branch of the dungeon, and saw 3 of its levels.

You collected 95 gold pieces.

Inventory:

Hand Weapons
 a - a +0 war axe (weapon)
 i - a +0 falchion
 o - a +0 trident
Missiles
 g - 2 stones (quivered)
Armour
 b - a +0 scale mail (worn)
 c - a +0 buckler (worn)
 s - a +0 ring mail
Jewellery
 f - an amulet of reflection (around neck)
Scrolls
 h - 5 scrolls of identify {unknown}
 j - a scroll of silence {unknown}
 k - a scroll of fear {unknown}
 l - a scroll of amnesia {unknown}
 n - a scroll of poison {unknown}
 q - a scroll of teleportation {unknown}
Potions
 d - a potion of might
 e - a potion of haste {unknown}
 m - a potion of degeneration {unknown}
 p - a potion of attraction {unknown}
 r - 2 potions of curing {unknown}
 t - a potion of brilliance {unknown}


   Skills:
 + Level 4.1 Fighting
 + Level 3.2 Axes
 + Level 4.1 Armour
 + Level 0.6 Dodging
 + Level 0.2 Stealth
 + Level 3.9 Shields


You had 2 spell levels left.
You didn't know any spells.
Your spell library contained the following spells:

 Spells                   Type           Power      Damage    Failure   Level
 Foxfire                  Conj/Fire      0%         2x1d4     87%         1
 Magic Dart               Conj           0%         1d3       87%         1
 Searing Ray              Conj           0%         2d4       95%         2
 Conjure Flame            Conj/Fire      0%         6-21      99%         3
 Inner Flame              Hex/Fire       0%         N/A       99%         3
 Flame Wave               Conj/Fire      0%         2d4       100%        4
 Fulminant Prism          Conj/Hex       0%         3d6       100%        4


Dungeon Overview and Level Annotations

Branches:
Dungeon (3/15)

Altars:


Innate Abilities, Weirdness & Mutations

You have a pair of horns on your head.
You reflexively headbutt those who attack you in melee.


Message History

You see here a dart slug corpse.
Found a stone staircase leading up.
There is a stone staircase leading up here.
There is a stone staircase leading down here.
You climb downwards.
There is a stone staircase leading up here.
Found a stone staircase leading down.
There is a stone staircase leading down here.
Found a blue potion.
t - a blue potion A ball python comes into view.
The ball python hisses angrily.
The ball python attacks as you move away!
The ball python bites you but does no damage.
The ball python barely misses you.
You slash the ball python!
You kill the ball python!
A worm comes into view.
An orc wizard comes into view. It is wielding a +0 dagger.
Found a stone staircase leading down.
The orc wizard shouts!
An orc comes into view. It is wielding a +0 morningstar.
An orc comes into view. It is wielding a +0 short sword.
The orc shouts!
You hear a shout!
An orc comes into view. It is wielding a +0 club.
The orc wizard casts a spell at you. The magic dart hits you!
The orc wizard gestures at you while chanting.
The puff of flame hits you!
The orc wizard mumbles some strange words.
The orc wizard flickers and vanishes!
Deactivating autopickup; reactivate with Ctrl-A.
Autopickup is now on.
A magic dart appears from out of thin air!
Deactivating autopickup; reactivate with Ctrl-A.
The magic dart hits you.
* * * LOW HITPOINT WARNING * * *
A puff of flame appears from out of thin air!
The puff of flame hits you!
You die...

### #.######## #.........
#.######## ##.######## ######
#########..........
#####....####...........##.....
#.............@.........## .###
#####....{###...........##..#..
####..# #.................. #
#..# #...........##..#.. ..
#{o# #...........# .#.# ...
#.w# ##.#####.#### .... ....
#.o## #.. .... .... ..... #...#
#... ...... .....
......#...###..####.#### .##.#


There were no monsters in sight!

Vanquished Creatures
  2 dart slugs (D:2)
  5 ball pythons
  3 endoplasms
  2 giant cockroaches
  3 goblins (D:1)
  5 hobgoblins
  3 jackals (D:1)
  2 quokkas (D:1)
  5 bats
  6 frilled lizards
  4 kobolds
  4 rats
44 creatures vanquished.

Notes
Turn   | Place    | Note
-------+----------+-------------------------------------------
     0 | D:1      | JeLyseng the Minotaur Fighter began the quest for the Orb.
     0 | D:1      | Reached XP level 1. HP: 19/19 MP: 0/0
   379 | D:1      | Reached XP level 2. HP: 24/27 MP: 1/1
  1098 | D:1      | Found a faded altar of an unknown god.
  1116 | D:1      | Reached XP level 3. HP: 33/33 MP: 2/2
  2159 | D:3      | Killed from afar by an orc wizard

Illustrated notes

Levels and vault maps discovered:
D:1:      eino_arrival_cavern_d, layout_basic,
          hellmonk_ecumenical_altar_lost_god
D:2:      layout_rooms
D:3:      layout_basic, hellmonk_ghost_happy_afterlife, minmay_cupped

Skill      XL: |  1  2  3 |
---------------+----------+-----
Armour         | 4 |  4.1
Fighting       | 4 |  4.1
Axes           | 3 |  3.2
Dodging        | |  0.6
Stealth        | |  0.2
Shields        | |  3.9

Action                   || total
-------------------------++-------
Melee: War axe           ||    82
       Headbutt          ||     5
Throw: Stone             ||    20
Armor: Scale mail        ||    32
Dodge: Dodged            ||    41
Block: Buckler           ||    41
       Reflection        ||     1
